 Dungeon Crawl Stone Soup version 0.17.0-28-g6e173f8 (webtiles) character file.

815 PossumBlood the Archer (level 7, 0/56 HPs)
             Began as a Centaur Hunter on Dec 2, 2015.
             Succumbed to poison (a potion of poison)
             ... on level 6 of the Dungeon.
             The game lasted 00:17:38 (4865 turns).

PossumBlood the Archer (Centaur Hunter)             Turns: 4865, Time: 00:17:38

Health: 0/56       AC:  7    Str: 20    XL:     7   Next: 62%
Magic:  7/7        EV: 15    Int: 10    God:
Gold:   281        SH:  0    Dex: 16    Spells: 0 memorised, 6 levels left

rFire  . . .     SeeInvis .     a - +1 shortbow
rCold  . . .     Clarity  .     c - +1 leather armour
rNeg   . . .     SustAt   .     (shield currently unavailable)
rPois  .         Gourm    .     (no helmet)
rElec  .         Spirit   .     (no cloak)
rCorr  .         Warding  .     y - +0 pair of gloves
rMut   .         Stasis   .     (no barding)
MR     +....                    (no amulet)
Stlth  ++........               (no ring)
                                K - +1 ring of protection

@: mighty, agile, lethally poisoned (0 -> -29), very quick, somewhat resistant
to hostile enchantments, unstealthy
A: hooves 3, deformed body, speed 2, magic resistance 1, tough skin 3
a: no special abilities


You were on level 6 of the Dungeon.
You were not hungry.

You visited 1 branch of the dungeon, and saw 6 of its levels.

You collected 281 gold pieces.

Inventory:

Hand Weapons
 a - a +1 shortbow (weapon)
 b - a +0 short sword
Missiles
 d - 60 arrows (quivered)
 l - 19 arrows of flame
 n - 11 poisoned arrows
Armour
 c - a +1 leather armour (worn)
 y - a +0 pair of gloves (worn)
Jewellery
 K - a +1 ring of protection (left hand)
Wands
 v - a wand of teleportation (5)
 A - a wand of cold (9)
 B - a wand of fireball (4)
Scrolls
 f - a scroll of amnesia
 g - 7 scrolls of identify
 i - a scroll of remove curse
 m - a scroll of enchant armour
 o - 4 scrolls of teleportation
 s - 3 scrolls of fog
 C - a scroll of blinking {unknown}
 E - a scroll of fear
 J - a scroll of magic mapping {unknown}
 M - a scroll of recharging {unknown}
Potions
 e - a potion of flight {unknown}
 h - 2 potions of might
 j - a potion of invisibility {unknown}
 p - a potion of haste {unknown}
 q - a potion of cancellation {unknown}
 r - 3 potions of curing {unknown}
 t - a potion of lignification {unknown}
 u - a potion of heal wounds {unknown}
 z - a potion of poison
 F - a potion of berserk rage {unknown}
 G - 2 potions of agility
 I - a potion of cure mutation {unknown}
 L - a potion of magic {unknown}
Comestibles
 k - a bread ration
 w - 6 meat rations
 x - 3 beef jerkies
 D - 5 fruits


   Skills:
 + Level 2.6 Fighting
 + Level 11.1 Bows
 + Level 1.3 Armour
 + Level 2.3 Dodging
 + Level 0.8 Stealth


You had 6 spell levels left.
You didn't know any spells.

Dungeon Overview and Level Annotations

Branches:
Dungeon (6/15)
 Temple: D:4-7

Altars:
Dithmenos
Elyvilon
Gozag
Nemelex Xobeh
Ru
Sif Muna
Trog
Xom
Yredelemnul
Zin


Innate Abilities, Weirdness & Mutations

You have hooves in place of feet.
Armour fits poorly on your strangely shaped body.
You cover ground very quickly.
You have extremely tough skin (AC +3).
You are resistant to hostile enchantments.


Message History

* * * LOW HITPOINT WARNING * * *
You are more poisoned.
The scorpion poisons you!
Drink which item? (? for menu, Esc to quit)
It was a potion of poison.
That liquid tasted very nasty...
You are more poisoned.
* * * LOW HITPOINT WARNING * * *
You feel very sick. The scorpion closely misses you.
Drink which item? (? for menu, Esc to quit)
It was a potion of agility.
You feel agile all of a sudden.
* * * LOW HITPOINT WARNING * * *
You feel sick. The scorpion stings you.
* * * LOW HITPOINT WARNING * * *
Drink which item? (? for menu, Esc to quit)
It was a potion of beneficial mutation.
You feel resistant to hostile enchantments.
You feel fantastic!
You die...

.# ( .##### .(
####...(.. ...
#.......<(
..##.........
.(.........
#(.(...... #@s#
## ####.#
#....##.#
.....#..##
#...#...## ..##
#.#.....# ...##
#..##...## #...#
###..###...###
#...##
###....####....##
#....#


You could see a scorpion.

Vanquished Creatures
  A hungry ghost (D:4)
  The ghost of Kloppie the Firebug, an amateur OpFE (D:3)
  An ogre (D:4)
  A giant frog (D:6)
  2 hounds (D:4)
  An orc priest (D:4)
  An orc wizard (D:4)
  A killer bee zombie (D:6)
  2 hound skeletons (D:5)
  6 adders
  10 gnolls
  A shadow imp (D:4)
  An ooze (D:4)
  An adder skeleton (D:4)
  3 orcs
  5 bats
  2 giant cockroaches
  4 hobgoblins
  12 jackals
  3 ball pythons
  7 giant geckos
  21 giant newts
  11 goblins
  6 kobolds
  4 quokkas
  9 rats
  2 plants (D:1)
119 creatures vanquished.

Notes
Turn   | Place    | Note
--------------------------------------------------------------
     0 | D:1      | PossumBlood the Centaur Hunter began the quest for the Orb.
     0 | D:1      | Reached XP level 1. HP: 17/17 MP: 1/1
   135 | D:1      | Reached XP level 2. HP: 11/24 MP: 2/2
   304 | D:1      | Reached skill level 6 in Bows
   653 | D:1      | Reached XP level 3. HP: 29/29 MP: 3/3
  1739 | D:3      | Reached skill level 7 in Bows
  1740 | D:3      | Reached XP level 4. HP: 36/36 MP: 4/4
  1781 | D:3      | Noticed Kloppie's ghost (amateur OpFE)
  1790 | D:3      | Killed Kloppie's ghost
  1790 | D:3      | Reached skill level 8 in Bows
  1790 | D:3      | Reached XP level 5. HP: 37/41 MP: 5/5
  2040 | D:3      | Found a basalt altar of Yredelemnul.
  2041 | D:3      | Found a glowing silver altar of Zin.
  2044 | D:3      | Found a bloodstained altar of Trog.
  2044 | D:3      | Found a white marble altar of Elyvilon.
  2045 | D:3      | Found a sparkling altar of Nemelex Xobeh.
  2045 | D:3      | Found a deep blue altar of Sif Muna.
  2051 | D:3      | Found a sacrificial altar of Ru.
  2537 | D:3      | Reached skill level 1 in Armour
  2556 | D:3      | Reached skill level 9 in Bows
  2556 | D:3      | Reached XP level 6. HP: 48/48 MP: 6/6
  2576 | D:3      | Found a shimmering altar of Xom.
  2697 | D:4      | Found a shadowy altar of Dithmenos.
  3456 | D:4      | Found an opulent altar of Gozag.
  3838 | D:4      | Reached skill level 10 in Bows
  3838 | D:4      | Reached XP level 7. HP: 47/56 MP: 7/7
  3982 | D:4      | Noticed a hungry ghost
  3996 | D:4      | Killed a hungry ghost
  4137 | D:5      | Entered Level 5 of the Dungeon
  4248 | D:5      | Found a sacrificial altar of Ru.
  4860 | D:6      | Reached skill level 11 in Bows
  4865 | D:6      | Gained mutation: You are resistant to hostile enchantments. [potion of beneficial mutation]
  4865 | D:6      | Succumbed to poison (a potion of poison)

Action                   |  1- 3 |  4- 6 |  7- 9 || total
-------------------------+-------+-------+-------++-------
Melee: Short sword       |   165 |       |       ||   165
       Shortbow          |       |       |     4 ||     4
 Fire: Shortbow          |   130 |   212 |   120 ||   462
  Use: Scroll            |     7 |     1 |     2 ||    10
       Potion            |       |       |     4 ||     4
  Eat: Bread ration      |     1 |     1 |     1 ||     3
       Royal jelly       |       |       |     1 ||     1
